| TOP OF THE 1ST |
|
Texas (APP) Rangers batting - Pitching for Princeton Rays : RHP Chris Harman
|
|
Pitching: RHP Chris Harman
|
|
|
Batting: LHB Walter Vegter
|
0-0: Ground out 4-3 (Groundball, 4S, EV 80.6 MPH)
|
|
Batting: SHB Tim Rogers
|
0-0: Foul Ball, location: 2F 0-1: Ground out U3 (Groundball, 34, EV 78.8 MPH)
|
|
Batting: LHB Tomoya Hashimoto
|
0-0: SINGLE (Line Drive, 34D, EV 101.2 MPH)
|
|
Batting: RHB Bryan Wheeler
|
0-0: Ball 1-0: Ball 2-0: Ball 3-0: Called Strike 3-1: Base on Balls Tomoya Hashimoto to second
|
|
Batting: RHB Rafael Tapia
|
0-0: Fielders Choice at 2nd, 6-4 (Groundball, 6, EV 81.9 MPH)
|
| Top of the 1st over - 0 runs, 1 hit, 0 errors, 2 left on base; Texas (APP) 0 - Princeton 0 |
| BOTTOM OF THE 1ST |
|
Princeton Rays batting - Pitching for Texas (APP) Rangers : LHP Jose Cepero
|
|
Pitching: LHP Jose Cepero
|
|
|
Batting: RHB Adam Turpin
|
0-0: Ball 1-0: Ball 2-0: Ball 3-0: Called Strike 3-1: Called Strike 3-2: Foul Ball, location: 2F 3-2: Strikes out looking
|
|
Batting: SHB Ray Luna
|
0-0: Ball 1-0: Ball 2-0: Called Strike 2-1: Ground out 6-3 (Groundball, 6, EV 103.8 MPH)
|
|
Batting: LHB Oscar Curiel
|
0-0: Ball 1-0: Called Strike 1-1: Ball 2-1: Ball 3-1: Base on Balls
|
|
Batting: LHB Rich Matthews
|
0-0: Ball 1-0: Foul Ball, location: 2F 1-1: Foul Ball, location: 2F 1-2: Ball 2-2: Foul Ball, location: 2F 2-2: Strikes out swinging
|
| Bottom of the 1st over - 0 runs, 0 hits, 0 errors, 1 left on base; Texas (APP) 0 - Princeton 0 |
| TOP OF THE 2ND |
|
Texas (APP) Rangers batting - Pitching for Princeton Rays : RHP Chris Harman
|
|
Batting: RHB Luis Solorzano
|
0-0: Ball 1-0: Ball 2-0: Ball 3-0: Called Strike 3-1: Called Strike 3-2: Foul Ball, location: 2F 3-2: Fly out, F7 (Flyball, 7D, EV 100.0 MPH)
|
|
Batting: RHB Morgan Harding
|
0-0: Ball 1-0: Called Strike 1-1: Foul Ball, location: 2F 1-2: Fly out, F9 (Flyball, 89M, EV 91.9 MPH)
|
|
Batting: SHB Albert Ortiz
|
0-0: Ball 1-0: Ball 2-0: Ball 3-0: Base on Balls
|
|
Batting: RHB Ferdi Schipper
|
0-0: Called Strike 0-1: Swinging Strike 0-2: Strikes out swinging
|
| Top of the 2nd over - 0 runs, 0 hits, 0 errors, 1 left on base; Texas (APP) 0 - Princeton 0 |
| BOTTOM OF THE 2ND |
|
Princeton Rays batting - Pitching for Texas (APP) Rangers : LHP Jose Cepero
|
|
Batting: RHB John Downing
|
0-0: Ball 1-0: Ball 2-0: Swinging Strike 2-1: Swinging Strike 2-2: Ball 3-2: Foul Ball, location: 2F 3-2: Strikes out swinging, 2-3 out at first.
|
|
Batting: RHB Jim Erdody
|
0-0: Called Strike 0-1: Fly out, F9 (Line Drive, 89S, EV 89.4 MPH)
|
|
Batting: LHB Dave Northam
|
0-0: Ball 1-0: Ball 2-0: SINGLE (Groundball, 6MS, EV 72.5 MPH) (infield hit)
|
|
Batting: LHB Sean Banks
|
0-0: Ball Dave Northam steals 2nd base 1-0: Called Strike 1-1: Ground out 4-3 (Groundball, 4, EV 103.8 MPH)
|
| Bottom of the 2nd over - 0 runs, 1 hit, 0 errors, 1 left on base; Texas (APP) 0 - Princeton 0 |
| TOP OF THE 3RD |
|
Texas (APP) Rangers batting - Pitching for Princeton Rays : RHP Chris Harman
|
|
Batting: LHB Walter Vegter
|
0-0: Called Strike 0-1: Called Strike 0-2: Ball 1-2: Reached on error, E2 (Groundball, 2L, EV 68.8 MPH)
|
|
Batting: SHB Tim Rogers
|
0-0: Ball 1-0: Fly out, F4 (Line Drive, 4, EV 68.8 MPH)
|
|
Batting: LHB Tomoya Hashimoto
|
0-0: Called Strike 0-1: Ball 1-1: Ball 2-1: Ball 3-1: Base on Balls
|
|
Batting: RHB Bryan Wheeler
|
0-0: Ball 1-0: Fly out, F8 (Flyball, 8LM, EV 82.5 MPH)
|
|
Batting: RHB Rafael Tapia
|
0-0: Ground out 4-3 (Groundball, 4S, EV 86.9 MPH)
|
| Top of the 3rd over - 0 runs, 0 hits, 1 error, 2 left on base; Texas (APP) 0 - Princeton 0 |
| BOTTOM OF THE 3RD |
|
Princeton Rays batting - Pitching for Texas (APP) Rangers : LHP Jose Cepero
|
|
Batting: RHB Bazyli Andrysiak
|
0-0: Ball 1-0: Ball 2-0: Ball 3-0: Called Strike 3-1: Fly out, F8 (Flyball, 8LXD, EV 104.4 MPH)
|
|
Batting: RHB Adam Turpin
|
0-0: SINGLE (Groundball, 56D, EV 106.9 MPH)
|
|
Batting: SHB Ray Luna
|
0-0: Called Strike Adam Turpin steals 2nd, throwing error, E2 Adam Turpin to third 0-1: SINGLE (Groundball, 56D, EV 101.9 MPH) Adam Turpin scores
|
|
Batting: LHB Oscar Curiel
|
0-0: Called Strike 0-1: Foul Ball, location: 2F 0-2: DOUBLE (Flyball, 8LXD, EV 99.4 MPH) Ray Luna to third Runner from 3rd tries for Home, SAFE, no throw by CF
|
|
Batting: LHB Rich Matthews
|
0-0: Ball 1-0: Called Strike 1-1: Ground out 4-3 (Groundball, 4D, EV 103.8 MPH) Oscar Curiel to third
|
|
Batting: RHB John Downing
|
0-0: Foul Ball, location: 2F 0-1: Ball 1-1: Foul Ball, location: 2F 1-2: Ground out 5-3 (Groundball, 56, EV 96.9 MPH)
|
| Bottom of the 3rd over - 2 runs, 3 hits, 1 error, 1 left on base; Texas (APP) 0 - Princeton 2 |
| TOP OF THE 4TH |
|
Texas (APP) Rangers batting - Pitching for Princeton Rays : RHP Chris Harman
|
|
Pinch Hitting: RHB Kelly Cole
|
0-0: Called Strike 0-1: Ball 1-1: Ball 2-1: Ball 3-1: Called Strike 3-2: Base on Balls
|
|
Batting: RHB Morgan Harding
|
0-0: Foul Ball, location: 2F 0-1: Ball 1-1: Called Strike 1-2: DOUBLE (Groundball, 5L, EV 96.9 MPH) Kelly Cole to third
|
|
Batting: SHB Albert Ortiz
|
0-0: Ball 1-0: Ball 2-0: Ball 3-0: Called Strike 3-1: Fly out, F8 (Line Drive, 8RD, EV 85.6 MPH) Runner from 3rd tags up, SCORES, throw by CF Morgan Harding to third
|
|
Batting: RHB Ferdi Schipper
|
0-0: Called Strike 0-1: Ball 1-1: Swinging Strike 1-2: Ball 2-2: Fly out, F7 (Flyball, 7LS, EV 83.1 MPH)
|
|
Batting: LHB Walter Vegter
|
0-0: Called Strike 0-1: Called Strike 0-2: Ball 1-2: Foul Ball, location: 2F 1-2: Ball 2-2: SINGLE (Groundball, 5D, EV 98.8 MPH) Morgan Harding scores
|
|
Batting: SHB Tim Rogers
|
0-0: Ball 1-0: Ball Walter Vegter steals 2nd base 2-0: Ball 3-0: Called Strike 3-1: SINGLE (Groundball, 23, EV 66.9 MPH) (infield hit) Walter Vegter to third
|
|
Batting: LHB Tomoya Hashimoto
|
0-0: Ball 1-0: Called Strike 1-1: Foul Ball, location: 2F 1-2: Foul Ball, location: 2F 1-2: Ball Wild Pitch! Walter Vegter scores Tim Rogers to second 2-2: Ball 3-2: Base on Balls
|
|
Pitching: LHP Dave Lindsay
|
|
|
Batting: RHB Bryan Wheeler
|
0-0: Ground out 5-3 (Groundball, 56, EV 106.2 MPH)
|
| Top of the 4th over - 3 runs, 3 hits, 0 errors, 2 left on base; Texas (APP) 3 - Princeton 2 |
| BOTTOM OF THE 4TH |
|
Princeton Rays batting - Pitching for Texas (APP) Rangers : LHP Jose Cepero
|
|
Now at 3B: Shawn Weber
|
|
|
Batting: RHB Jim Erdody
|
0-0: Ball 1-0: Ball 2-0: Called Strike 2-1: SINGLE (Line Drive, 6MD, EV 94.4 MPH)
|
|
Batting: LHB Dave Northam
|
0-0: Fielders Choice at 2nd, 4-6 (Groundball, 34S, EV 86.2 MPH)
|
|
Batting: LHB Sean Banks
|
0-0: Ball 1-0: Ball 2-0: Fielders Choice at 2nd, 5-4 (Groundball, 6, EV 105.0 MPH)
|
|
Batting: RHB Bazyli Andrysiak
|
0-0: Ball 1-0: Fly out, F6 (Line Drive, 6, EV 75.6 MPH)
|
| Bottom of the 4th over - 0 runs, 1 hit, 0 errors, 1 left on base; Texas (APP) 3 - Princeton 2 |
| TOP OF THE 5TH |
|
Texas (APP) Rangers batting - Pitching for Princeton Rays : LHP Dave Lindsay
|
|
Batting: RHB Rafael Tapia
|
0-0: Swinging Strike 0-1: Ball 1-1: Called Strike 1-2: Ball 2-2: Strikes out swinging
|
|
Batting: RHB Shawn Weber
|
0-0: Called Strike 0-1: Ground out 6-3 (Groundball, 6, EV 85.6 MPH)
|
|
Batting: RHB Morgan Harding
|
0-0: SINGLE (Groundball, 56D, EV 96.9 MPH)
|
|
Batting: SHB Albert Ortiz
|
0-0: Called Strike 0-1: Ball 1-1: Ball 2-1: Called Strike 2-2: Ball Wild Pitch! Morgan Harding to second 3-2: Intentional Walk
|
|
Batting: RHB Ferdi Schipper
|
0-0: Ball 1-0: SINGLE (Line Drive, 9LS, EV 101.9 MPH) Morgan Harding to third Albert Ortiz to second
|
|
Batting: LHB Walter Vegter
|
0-0: Ball 1-0: Swinging Strike 1-1: Foul Ball, location: 2F 1-2: Strikes out looking
|
| Top of the 5th over - 0 runs, 2 hits, 0 errors, 3 left on base; Texas (APP) 3 - Princeton 2 |
| BOTTOM OF THE 5TH |
|
Princeton Rays batting - Pitching for Texas (APP) Rangers : LHP Jose Cepero
|
|
Batting: RHB Adam Turpin
|
0-0: Ball 1-0: SINGLE (Groundball, 56D, EV 100.0 MPH)
|
|
Batting: SHB Ray Luna
|
0-0: Ball 1-0: Ball 2-0: Called Strike 2-1: Called Strike 2-2: Fielders Choice at 2nd, 6-4 (Groundball, 6M, EV 110.6 MPH)
|
|
Batting: LHB Oscar Curiel
|
0-0: Ball Ray Luna steals 2nd base 1-0: Called Strike 1-1: Swinging Strike 1-2: Foul Ball, location: 2F 1-2: Strikes out swinging
|
|
Batting: LHB Rich Matthews
|
0-0: Called Strike 0-1: Called Strike 0-2: Strikes out swinging
|
| Bottom of the 5th over - 0 runs, 1 hit, 0 errors, 1 left on base; Texas (APP) 3 - Princeton 2 |
| TOP OF THE 6TH |
|
Texas (APP) Rangers batting - Pitching for Princeton Rays : LHP Dave Lindsay
|
|
Batting: SHB Tim Rogers
|
0-0: SINGLE (Groundball, 56D, EV 105.6 MPH)
|
|
Batting: LHB Tomoya Hashimoto
|
0-0: Called Strike 0-1: Ball 1-1: Foul Ball, location: 2F 1-2: Foul Ball, location: 2F 1-2: Strikes out looking
|
|
Batting: RHB Bryan Wheeler
|
0-0: Ball 1-0: Swinging Strike 1-1: Ball 2-1: SINGLE (Flyball, 56D, EV 91.9 MPH) Tim Rogers to second
|
|
Batting: RHB Rafael Tapia
|
0-0: SINGLE (Line Drive, 56D, EV 98.1 MPH) Tim Rogers to third Bryan Wheeler to second Runner from 3rd tries for Home, SAFE, throw by LF to home
|
|
Batting: RHB Shawn Weber
|
0-0: Grounds into double play, 6-4-3 (Groundball, 6, EV 93.1 MPH)
|
| Top of the 6th over - 1 run, 3 hits, 0 errors, 1 left on base; Texas (APP) 4 - Princeton 2 |
| BOTTOM OF THE 6TH |
|
Princeton Rays batting - Pitching for Texas (APP) Rangers : LHP Jose Cepero
|
|
Batting: RHB John Downing
|
0-0: Foul Ball, location: 2F 0-1: Ball 1-1: Swinging Strike 1-2: Ball 2-2: Ball 3-2: Base on Balls
|
|
Pitching: LHP Pat Mena
|
|
|
Batting: RHB Jim Erdody
|
0-0: Ground out 6-3 (Groundball, 6S, EV 71.2 MPH) John Downing to second
|
|
Pinch Hitting: RHB T.J. Spina
|
0-0: Called Strike 0-1: Swinging Strike 0-2: Ball 1-2: Foul Ball, location: 2F 1-2: Strikes out swinging
|
|
Pinch Hitting: RHB Gabe Higley
|
0-0: Ball 1-0: Called Strike 1-1: Ball 2-1: Fly out, F2 (Popup, 23F, EV 85.0 MPH)
|
| Bottom of the 6th over - 0 runs, 0 hits, 0 errors, 1 left on base; Texas (APP) 4 - Princeton 2 |
| TOP OF THE 7TH |
|
Texas (APP) Rangers batting - Pitching for Princeton Rays : LHP Dave Lindsay
|
|
Now at 1B: Rich Matthews
|
|
|
Now at 2B: Gabe Higley
|
|
|
Now at SS: John Downing
|
|
|
Now in LF: Adam Turpin
|
|
|
Now in CF: Jonathan Spino
|
|
|
Batting: RHB Morgan Harding
|
0-0: Ball 1-0: Called Strike 1-1: Ball 2-1: Ball 3-1: Foul Ball, location: 2F 3-2: Base on Balls
|
|
Batting: SHB Albert Ortiz
|
0-0: Ball 1-0: Called Strike 1-1: Called Strike 1-2: Ball 2-2: Foul Ball, location: 2F 2-2: Ball 3-2: Fly out, F7 (Flyball, 7, EV 91.9 MPH)
|
|
Batting: RHB Ferdi Schipper
|
0-0: Foul Ball, location: 2F 0-1: Ball 1-1: Swinging Strike 1-2: Strikes out swinging
|
|
Batting: LHB Walter Vegter
|
0-0: Ball 1-0: Swinging Strike 1-1: Swinging Strike 1-2: Ball 2-2: Ball 3-2: SINGLE (Line Drive, 9S, EV 97.5 MPH) Morgan Harding to second Morgan Harding to third
|
|
Batting: SHB Tim Rogers
|
0-0: Swinging Strike 0-1: Ball 1-1: Fielders Choice at 2nd, 6-4 (Groundball, 6, EV 83.8 MPH)
|
| Top of the 7th over - 0 runs, 1 hit, 0 errors, 2 left on base; Texas (APP) 4 - Princeton 2 |
| BOTTOM OF THE 7TH |
|
Princeton Rays batting - Pitching for Texas (APP) Rangers : LHP Pat Mena
|
|
Pitching: LHP Alex Boites
|
|
|
Batting: RHB Bazyli Andrysiak
|
0-0: Called Strike 0-1: Foul Ball, location: 2F 0-2: Ground out 6-3 (Groundball, 6, EV 103.8 MPH)
|
|
Batting: RHB Adam Turpin
|
0-0: Called Strike 0-1: Ball 1-1: Swinging Strike 1-2: Foul Ball, location: 2F 1-2: Strikes out swinging
|
|
Batting: SHB Ray Luna
|
0-0: Ball 1-0: Ground out 5-3 (Groundball, 56S, EV 86.9 MPH)
|
| Bottom of the 7th over - 0 runs, 0 hits, 0 errors, 0 left on base; Texas (APP) 4 - Princeton 2 |
| TOP OF THE 8TH |
|
Texas (APP) Rangers batting - Pitching for Princeton Rays : LHP Dave Lindsay
|
|
Pitching: LHP Ryan Folks
|
|
|
Batting: LHB Tomoya Hashimoto
|
0-0: Called Strike 0-1: Called Strike 0-2: Ground out U3 (Groundball, 34D, EV 80.0 MPH)
|
|
Batting: RHB Bryan Wheeler
|
0-0: Swinging Strike 0-1: Foul Ball, location: 2F 0-2: Strikes out swinging
|
|
Batting: RHB Rafael Tapia
|
0-0: SINGLE (Flyball, 89S, EV 98.1 MPH)
|
|
Batting: RHB Shawn Weber
|
0-0: Ball 1-0: Fielders Choice at 2nd, 6-4 (Groundball, 6, EV 101.9 MPH)
|
| Top of the 8th over - 0 runs, 1 hit, 0 errors, 1 left on base; Texas (APP) 4 - Princeton 2 |
| BOTTOM OF THE 8TH |
|
Princeton Rays batting - Pitching for Texas (APP) Rangers : LHP Alex Boites
|
|
Pitching: RHP Brad Sanchez
|
|
|
Batting: LHB Oscar Curiel
|
0-0: Called Strike 0-1: Foul Ball, location: 2F 0-2: Ball 1-2: Fly out, F7 (Line Drive, 78S, EV 86.2 MPH)
|
|
Batting: LHB Rich Matthews
|
0-0: Foul Ball, location: 2F 0-1: Called Strike 0-2: Ball 1-2: Ball 2-2: Ball 3-2: DOUBLE (Groundball, 3L, EV 97.5 MPH)
|
|
Batting: RHB John Downing
|
0-0: Ball 1-0: Ground out 5-3 (Groundball, 5, EV 93.1 MPH)
|
|
Pinch Hitting: SHB Joshua Jackson
|
0-0: Ball 1-0: Ball 2-0: Foul Ball, location: 2F 2-1: Ball 3-1: Base on Balls
|
|
Batting: LHB Jonathan Spino
|
0-0: Ball 1-0: Called Strike 1-1: Ball 2-1: Foul Ball, location: 2F 2-2: Foul Ball, location: 2F 2-2: Strikes out looking
|
| Bottom of the 8th over - 0 runs, 1 hit, 0 errors, 2 left on base; Texas (APP) 4 - Princeton 2 |
| TOP OF THE 9TH |
|
Texas (APP) Rangers batting - Pitching for Princeton Rays : LHP Ryan Folks
|
|
Now at 3B: Zach Rose
|
|
|
Batting: RHB Morgan Harding
|
0-0: Ball 1-0: Ball 2-0: Foul Ball, location: 2F 2-1: Ball 3-1: Called Strike 3-2: Foul Ball, location: 2F 3-2: Strikes out swinging
|
|
Batting: SHB Albert Ortiz
|
0-0: Swinging Strike 0-1: Foul Ball, location: 2F 0-2: Foul Ball, location: 2F 0-2: Foul Ball, location: 2F 0-2: Ball 1-2: Foul Ball, location: 2F 1-2: Ball 2-2: Foul Ball, location: 2F 2-2: Strikes out swinging
|
|
Batting: RHB Ferdi Schipper
|
0-0: Called Strike 0-1: Ball 1-1: Ball 2-1: Ball 3-1: Reached on error, E6 (Groundball, 56, EV 87.5 MPH)
|
|
Batting: LHB Walter Vegter
|
0-0: Ball Ferdi Schipper is caught stealing 2nd base 2-6
|
| Top of the 9th over - 0 runs, 0 hits, 1 error, 0 left on base; Texas (APP) 4 - Princeton 2 |
| BOTTOM OF THE 9TH |
|
Princeton Rays batting - Pitching for Texas (APP) Rangers : RHP Brad Sanchez
|
|
Batting: RHB Gabe Higley
|
0-0: Called Strike 0-1: Foul Ball, location: 2F 0-2: Ball 1-2: Ground out 6-3 (Groundball, 6, EV 100.6 MPH)
|
|
Pinch Hitting: SHB Berthold Frey
|
0-0: Ball 1-0: Ball 2-0: Ball 3-0: Base on Balls
|
|
Batting: RHB Adam Turpin
|
0-0: Ball 1-0: Foul Ball, location: 2F 1-1: SINGLE (Line Drive, 8LS, EV 93.8 MPH) Berthold Frey to second
|
|
Batting: SHB Ray Luna
|
0-0: Hit by Pitch Berthold Frey to third Adam Turpin to second
|
|
Batting: LHB Oscar Curiel
|
0-0: Foul Ball, location: 2F 0-1: SINGLE (Flyball, 5D, EV 93.1 MPH) Berthold Frey scores Adam Turpin to third Ray Luna to second
|
|
Batting: LHB Rich Matthews
|
0-0: Foul Ball, location: 2F 0-1: Ball 1-1: Ball 2-1: Ball 3-1: Called Strike 3-2: Fly out, F6 (Popup, 6, EV 53.1 MPH)
|
|
Pitching: RHP Javy Arias
|
|
|
Batting: RHB John Downing
|
0-0: Called Strike 0-1: Ball Wild Pitch! Adam Turpin scores Ray Luna to third Oscar Curiel to second 1-1: Foul Ball, location: 2F 1-2: Strikes out looking
|
| Bottom of the 9th over - 2 runs, 2 hits, 0 errors, 2 left on base; Texas (APP) 4 - Princeton 4 |
| TOP OF THE 10TH |
|
Texas (APP) Rangers batting - Pitching for Princeton Rays : LHP Ryan Folks
|
|
Pitching: RHP David Espinosa
|
|
|
Now at C: Bobby Ross
|
|
|
Batting: LHB Walter Vegter
|
0-0: Called Strike 0-1: Ball 1-1: Ball 2-1: Ball 3-1: Foul Ball, location: 2F 3-2: Foul Ball, location: 2F 3-2: Base on Balls
|
|
Batting: SHB Tim Rogers
|
0-0: Called Strike 0-1: Reached on error, E1 (Groundball, 15, EV 43.8 MPH) Walter Vegter to third
|
|
Batting: LHB Tomoya Hashimoto
|
0-0: Foul Ball, location: 2F 0-1: Called Strike 0-2: Ball 1-2: Ball 2-2: DOUBLE (Line Drive, 7LS, EV 111.2 MPH) Walter Vegter scores Tim Rogers scores
|
|
Batting: RHB Bryan Wheeler
|
0-0: Intentional Walk
|
|
Batting: RHB Rafael Tapia
|
0-0: Called Strike 0-1: Swinging Strike 0-2: Ball 1-2: Strikes out looking
|
|
Batting: RHB Shawn Weber
|
0-0: Fly out, F8 (Flyball, 8LXD, EV 103.8 MPH) Runner from 2nd tags up, SAFE at 3rd, no throw by CF
|
|
Batting: RHB Morgan Harding
|
0-0: Called Strike 0-1: Ball 1-1: Called Strike 1-2: Foul Ball, location: 2F 1-2: Ball 2-2: Ball 3-2: Ground out 4-3 (Groundball, 4S, EV 90.0 MPH)
|
| Top of the 10th over - 2 runs, 1 hit, 1 error, 2 left on base; Texas (APP) 6 - Princeton 4 |
| BOTTOM OF THE 10TH |
|
Princeton Rays batting - Pitching for Texas (APP) Rangers : RHP Javy Arias
|
|
Batting: LHB Zach Rose
|
0-0: Called Strike 0-1: Ball 1-1: Foul Ball, location: 2F 1-2: Ball 2-2: Strikes out swinging, 2-3 out at first.
|
|
Batting: LHB Jonathan Spino
|
0-0: Ball 1-0: Swinging Strike 1-1: Foul Ball, location: 2F 1-2: Foul Ball, location: 2F 1-2: Strikes out swinging
|
|
Batting: RHB Gabe Higley
|
0-0: SOLO HOME RUN (Flyball, 9LD, EV 93.1 MPH), Distance : 363 ft
|
|
Batting: RHB Bobby Ross
|
0-0: Foul Ball, location: 2F 0-1: Fly out, F7 (Line Drive, 78D, EV 103.8 MPH)
|
| Bottom of the 10th over - 1 run, 1 hit, 0 errors, 0 left on base; Texas (APP) 6 - Princeton 5 |
|